 Dungeon Crawl Stone Soup version 0.20-a0-210-gd6c29eb (webtiles) character file.

429 KristoblXynda the Caller (level 6, -7/32 HPs)
             Began as a Tengu Summoner on Nov 26, 2016.
             Mangled by Edmund
             ... wielding a +2 flail of holy wrath
              (9 damage)
             ... on level 5 of the Dungeon.
             The game lasted 00:09:54 (5385 turns).

KristoblXynda the Caller (Tengu Summoner)           Turns: 5385, Time: 00:09:54

Health: -7/32      AC:  4    Str:  8    XL:     6   Next: 98%
Magic:  6/13       EV: 12    Int: 18    God:
Gold:   142        SH:  0    Dex: 14    Spells: 7/13 levels left

rFire  . . .     SeeInvis .     r - +0 long sword
rCold  . . .     Gourm    .     a - +1 robe
rNeg   . . .     Faith    .     (no shield)
rPois  .         Spirit   .     (helmet restricted)
rElec  .         Reflect  .     (no cloak)
rCorr  .         Harm     .     m - +0 pair of gloves
MR     .....                    (boots unavailable)
Stlth  ++........               (no amulet)
                                (no ring)
                                (no ring)

@: no status effects
A: beak, talons 3, able to fly 1
a: Fly


You were on level 5 of the Dungeon.
You were very hungry.

You visited 1 branch of the dungeon, and saw 5 of its levels.

You collected 142 gold pieces.

Inventory:

Hand Weapons
 r - a +0 long sword (weapon)
Armour
 a - a +1 robe (worn)
 m - a +0 pair of gloves (worn)
Wands
 k - a wand of confusion (32/48)
Scrolls
 q - 2 scrolls of remove curse
Potions
 d - a potion of haste
 e - a potion of cure mutation
 g - a potion of lignification {unknown}
 h - a potion of flight {unknown}
 l - a potion of agility {unknown}
 n - a potion of might {unknown}
 p - a potion of magic {unknown}
Books
 b - a book of Callings

   Spells                             Type                      Level
   a - Summon Small Mammal            Summoning                    1
   b - Call Imp                       Summoning                    2
   c - Call Canine Familiar           Summoning                    3
   d - Summon Guardian Golem          Hexes/Summoning              3
   e - Summon Lightning Spire         Summoning/Air                4
   f - Summon Ice Beast               Ice/Summoning                4
 j - a book of Misfortune

   Spells                             Type                      Level
   a - Confusing Touch                Hexes                        1
   b - Confuse                        Hexes                        3
   c - Gell's Gravitas                Hexes/Translocation          3
   d - Petrify                        Transmutation/Earth          4
   e - Metabolic Englaciation         Hexes/Ice                    5
   f - Yara's Violent Unravelling     Hexes/Transmutation          5
Comestibles
 c - 3 bread rations
 f - 2 beef jerkies
 i - a meat ration


   Skills:
 + Level 3.9 Throwing
 - Level 2.1 Dodging
 - Level 2.0 Stealth
 + Level 4.1 Spellcasting
 + Level 6.6 Summonings


You had 7 spell levels left.
You knew the following spells:

 Your Spells              Type           Power        Failure   Level  Hunger
a - Summon Small Mammal   Summ           ####         1%          1    None
b - Call Imp              Summ           ####....     1%          2    ##.....
c - Summon Guardian Gole  Hex/Summ       ###.....     14%         3    ###....


Dungeon Overview and Level Annotations

Branches:
Dungeon (5/15)
 Temple: D:4-7

Altars:
Ashenzari

Annotations:
D:5 Edmund


Innate Abilities, Weirdness & Mutations

You have a beak for a mouth.
You have claws for feet.
You can fly.


Message History

Your white imp gestures at Edmund.
The puff of frost hits Edmund.
Unknown command.
Edmund says, "People accused me of being a cutpurse!"
Your white imp gestures at Edmund.
The puff of frost hits Edmund.
Your crimson imp barely misses Edmund.
Edmund closely misses you.
You see here a fruit.
Unknown command.
Edmund misses you.
You riposte.
You hit Edmund but do no damage. You claw Edmund, but do no damage.
Edmund is moderately wounded.
Casting: Call Imp
Confirm with . or Enter, or press ? or * to list all spells.
A beastly little devil appears in a puff of frigid air.
Your crimson imp barely misses Edmund.
Edmund says, "You wouldn't believe how much I paid for this flail."
Edmund hits you with a flail of holy wrath!
You die...

............# ..
#.........# ...
###.........###+#.._.
#....................
#.>.......#.....$....
#...##....#..........
#..55.....#..........
#[...@....#..........
###[..@...#..........
#...5...###########
#...##### #...# #####


You could see Edmund, a friendly crimson imp and 2 friendly white imps.

Vanquished Creatures
  An ice beast (D:5)
  An ogre (D:4)
  2 hounds
  A worker ant (D:4)
  An adder (D:2)
  A howler monkey skeleton (D:4)
  4 dart slugs
  6 orcs
  2 bats
  5 giant cockroaches
  2 goblins
  8 hobgoblins
  A quokka (D:4)
  2 ball pythons
  4 frilled lizards
  6 kobolds
  8 rats
55 creatures vanquished.

Vanquished Creatures (collateral kills)
  The ghost of KristoblXynda the Charmwright, an amateur DrSk (D:3)
  An orc priest (D:4)
  An orc wizard (D:4)
  8 adders
  2 worms (D:2)
  A dart slug (D:3)
  An orc (D:5)
  4 bats
  2 goblins (D:1)
  A frilled lizard (D:1)
  A kobold (D:1)
23 creatures vanquished.

Grand Total: 78 creatures vanquished

Notes
Turn   | Place    | Note
-------+----------+-------------------------------------------
     0 | D:1      | KristoblXynda the Tengu Summoner began the quest for the Orb.
     0 | D:1      | Reached XP level 1. HP: 10/10 MP: 4/4
   249 | D:1      | Reached skill level 5 in Summonings
   389 | D:1      | Reached XP level 2. HP: 15/15 MP: 6/6
   563 | D:1      | Reached skill level 1 in Throwing
   738 | D:2      | Reached XP level 3. HP: 13/19 MP: 3/7
   857 | D:2      | Learned a level 2 spell: Call Imp
  1518 | D:3      | Noticed KristoblXynda's ghost (amateur DrSk)
  1564 | D:3      | Killed KristoblXynda's ghost
  1564 | D:3      | Reached XP level 4. HP: 16/24 MP: 3/9
  1572 | D:3      | Gained mutation: You can fly. [Tengu growth]
  1572 | D:3      | Reached XP level 5. HP: 11/28 MP: 2/10
  2540 | D:3      | Learned a level 3 spell: Summon Guardian Golem
  3801 | D:4      | Noticed an ogre
  3812 | D:4      | Killed an ogre
  3812 | D:4      | Reached skill level 6 in Summonings
  3812 | D:4      | Reached XP level 6. HP: 32/32 MP: 4/12
  4461 | D:4      | HP: 1/32 [orc priest/nerve-wracking pain (11)]
  5085 | D:5      | Entered Level 5 of the Dungeon
  5230 | D:5      | Noticed an ice beast
  5276 | D:5      | Killed an ice beast
  5367 | D:5      | Found a shattered altar of Ashenzari.
  5368 | D:5      | Noticed Edmund
  5375 | D:5      | HP: 1/32 [Edmund/flail of holy wrath (2)]
  5385 | D:5      | Mangled by Edmund

Vault maps used:
D:1:      dpeg_arrival_rooms_with_view, roderic_roman_lattice,
          corexii_hall_statues_t
D:3:      first_bread
D:5:      nemelex_altar_shiori, kennysheep_mini, grunt_dithmenos_smoke,
          basic_altar, uniq_edmund

Skill      XL: |  1  2  3  4  5  6 |
---------------+-------------------+-----
Summonings     | 5 6 |  6.6
Throwing       | 1 2 3 |  3.9
Spellcasting   | 3 4 |  4.1
Dodging        | |  2.1
Stealth        | |  2.0

Action                   |  1- 3 |  4- 6 || total
-------------------------+-------+-------++-------
Melee: Spear             |    37 |       ||    37
       Unarmed           |     4 |       ||     4
       Kick              |    13 |    28 ||    41
       Peck              |     7 |    20 ||    27
       Falchion          |    31 |    36 ||    67
       Long sword        |       |    68 ||    68
 Cast: Summon Small Mamm |    16 |       ||    16
       Call Imp          |    11 |    34 ||    45
       Summon Guardian G |       |     2 ||     2
Evoke: Wand              |       |     4 ||     4
  Use: Scroll            |     5 |     8 ||    13
       Potion            |     4 |     4 ||     8
 Stab: Sleeping          |     5 |     6 ||    11
       Distracted        |     1 |       ||     1
  Eat: Chunk             |     3 |     2 ||     5
       Meat ration       |       |     2 ||     2
Armor: Robe              |    21 |    24 ||    45
Dodge: Dodged            |    45 |    96 ||   141
       Rpst.: Falchion   |     8 |    12 ||    20
       Long sword        |       |    19 ||    19
